 Dungeon Crawl Stone Soup version 0.24-a0-496-gbe733cd003 (webtiles) character file.

Game seed: 6138157675059212743

48 Akello the Skirmisher (level 3, 0/33 HPs)
             Began as a Hill Orc Fighter on July 12, 2019.
             Succumbed to an adder's poison
             ... on level 2 of the Dungeon.
             The game lasted 00:01:21 (1051 turns).

Akello the Skirmisher (Hill Orc Fighter)            Turns: 1051, Time: 00:01:21

Health: 0/33       AC:  7    Str: 24    XL:     3   Next: 72%
Magic:  3/3        EV:  7    Int:  8    God:
Gold:   30         SH:  9    Dex: 10    Spells: 2/2 levels left

rFire    . . .     SeeInvis .   a - +0 war axe
rCold    . . .     Gourm    .   c - +0 shield
rNeg     . . .     Faith    .   b - +0 scale mail
rPois    .         Spirit   .   (no helmet)
rElec    .         Reflect  .   (no cloak)
rCorr    .         Harm     .   (no gloves)
MR       .....                  (no boots)
Stlth    ..........             (no amulet)
HPRegen  0.11/turn              (no ring)
MPRegen  0.08/turn              (no ring)

@: mighty, lethally poisoned (0 -> -1)
A: no striking features
a: no special abilities


You were on level 2 of the Dungeon.
You were hungry.

You visited 1 branch of the dungeon, and saw 2 of its levels.

You collected 30 gold pieces.

Inventory:

Hand Weapons
 a - a +0 war axe (weapon)
Armour
 b - a +0 scale mail (worn)
 c - a +0 shield (worn)
Jewellery
 i - an uncursed ring of flight {unknown}
Wands
 m - a wand of clouds (4)
Scrolls
 e - a scroll of amnesia {unknown}
 g - a scroll of enchant weapon {unknown}
 h - a scroll of immolation {unknown}
 j - a scroll of teleportation {unknown}
 l - a scroll of identify {unknown}
Potions
 d - a potion of might
 k - a potion of curing {unknown}
Comestibles
 f - 3 rations


   Skills:
 + Level 4.2 Fighting
 + Level 3.4 Axes
 + Level 3.7 Armour
 + Level 3.8 Shields


You had 2 spell levels left.
You didn't know any spells.
Your spell library was empty.

Dungeon Overview and Level Annotations

Branches:
Dungeon (2/15)

Altars:
Hepliaklqana
Nemelex Xobeh

Annotations:
D:2 Sigmund


Message History

Sigmund casts a spell.
Sigmund flickers and vanishes!
Deactivating autopickup; reactivate with Ctrl-A.
The adder bites you but does no damage. The adder bites you.
You feel sick. The adder bites you but does no damage. Something hits you.
The adder barely misses you.
You feel very mighty all of a sudden.
You feel sick. You block the adder's attack.
The adder bites you but does no damage.
You slash the adder!
You kill the adder!
You block something's attack. Something hits you.
You miss something.
You feel sick. Something hits you!
You closely miss something. Something hits you.
You closely miss something. Something hits you!
* * * LOW HITPOINT WARNING * * *
You barely miss something.
You die...

##.........# ##.#
.....####.######..#
#. ...##.##.....##
.##....#..#####
......##.##
#...##.# #.#..#.#
##......#######
#.........r{@..#
.....####.####.#
..## #.....# .# #
#..†....#.#
#.......#.#
$...._.....#
..#.......#.#
..#.#.......#.# . #
##.....## #


You could see a rat.

Vanquished Creatures
  2 adders (D:2)
  2 leopard geckos (D:1)
  2 giant cockroaches (D:2)
  5 goblins
  3 hobgoblins (D:1)
  2 jackals (D:2)
  2 kobolds
  4 bats
  4 rats
26 creatures vanquished.

Notes
Turn   | Place    | Note
-------+----------+-------------------------------------------
     0 | D:1      | Akello the Hill Orc Fighter began the quest for the Orb.
     0 | D:1      | Reached XP level 1. HP: 19/19 MP: 1/1
   147 | D:1      | Reached XP level 2. HP: 27/27 MP: 2/2
   524 | D:1      | Found a sparkling altar of Nemelex Xobeh.
   889 | D:2      | Reached skill level 4 in Fighting
   889 | D:2      | Reached XP level 3. HP: 26/33 MP: 3/3
  1027 | D:2      | Found a hazy altar of Hepliaklqana.
  1033 | D:2      | Noticed Sigmund
  1050 | D:2      | HP: 1/33 [something (9)]
  1051 | D:2      | Succumbed to an adder's poison

Levels and vault maps discovered:
D:1:      giann_bridges, layout_loops_corners, nemelex_xobeh_ov_fountains_minmay
D:2:      layout_rooms, overflow_temple_1_default, old_standard_altar,
          tgw_kikubaaqudgha, uniq_sigmund

Skill      XL: |  1  2 |
---------------+-------+-----
Axes           | 3 |  3.4
Fighting       | 4 |  4.2
Armour         | |  3.7
Shields        | |  3.8

Action                   || total
-------------------------++-------
Melee: War axe           ||   111
  Use: Potion            ||     1
Armor: Scale mail        ||    40
Dodge: Dodged            ||    51
Block: Shield            ||    67

Table legend:
 A = Non-vault XP
 B = Vault XP
 C = Vault XP percentage of total XP
 D = Non-vault monster count
 E = Vault monster count
 F = Vault count percentage of total count
                 A         B        C        D         E       F
            +---------+---------+-------+---------+---------+-------
      Total |      69 |       0 |   0.0 |      26 |       0 |   0.0
            +---------+---------+-------+---------+---------+-------
        D:1 |      25 |       0 |   0.0 |      13 |       0 |   0.0
        D:2 |      44 |       0 |   0.0 |      13 |       0 |   0.0
            +---------+---------+-------+---------+---------+-------
